ITL
TRENTON STARS @ TUSCALOOSA TROUT SLAYERS
09/04/2030
 
TOP OF THE 1ST
Trenton Stars batting - Pitching for Tuscaloosa Trout Slayers : RHP Rafael Ramírez
Pitching: RHP Rafael Ramírez
Batting: RHB Aurelio Cruz 0-0: Foul Ball, location: 2F
0-1: Fly out, F4 (Popup, 34D)
Batting: RHB George Reeves 0-0: Called Strike
0-1: Ball
1-1: Foul Ball, location: 2F
1-2: Strikes out swinging
Batting: LHB Wes Thompson 0-0: Ball
1-0: Foul Ball, location: 2F
1-1: Called Strike
1-2: Strikes out swinging, 2-3 out at first.
Top of the 1st over - 0 runs, 0 hits, 0 errors, 0 left on base; Trenton 0 - Tuscaloosa 0
BOTTOM OF THE 1ST
Tuscaloosa Trout Slayers batting - Pitching for Trenton Stars : RHP Russ Brown
Pitching: RHP Russ Brown
Batting: LHB Manuel Ortega 0-0: Ground out 4-3 (Groundball, 4M)
Batting: LHB Ethan Shaw 0-0: Swinging Strike
0-1: Ball
1-1: Foul Ball, location: 2F
1-2: Strikes out looking
Batting: LHB Marcos Villarreal 0-0: Called Strike
0-1: Ball
1-1: Ball
2-1: Swinging Strike
2-2: Ball
3-2: Strikes out swinging
Bottom of the 1st over - 0 runs, 0 hits, 0 errors, 0 left on base; Trenton 0 - Tuscaloosa 0
TOP OF THE 2ND
Trenton Stars batting - Pitching for Tuscaloosa Trout Slayers : RHP Rafael Ramírez
Batting: RHB Jesús Solís 0-0: Ball
1-0: Called Strike
1-1: Swinging Strike
1-2: Ball
2-2: Foul Ball, location: 2F
2-2: Strikes out swinging
Batting: LHB Pat Zimmerman 0-0: Called Strike
0-1: Ball
1-1: Swinging Strike
1-2: Ball
2-2: Ground out 6-3 (Groundball, 6MD)
Batting: LHB Gerardo Guzmán 0-0: Ball
1-0: Foul Ball, location: 2F
1-1: Fly out, F3 (Line Drive, 34)
Top of the 2nd over - 0 runs, 0 hits, 0 errors, 0 left on base; Trenton 0 - Tuscaloosa 0
BOTTOM OF THE 2ND
Tuscaloosa Trout Slayers batting - Pitching for Trenton Stars : RHP Russ Brown
Batting: SHB Glenn Vadnais 0-0: Ball
1-0: Ball
2-0: Foul Ball, location: 2F
2-1: Foul Ball, location: 2F
2-2: SOLO HOME RUN (Flyball, 9LD), Distance : 376 ft
Batting: RHB Alfredo Díaz 0-0: Swinging Strike
0-1: Ball
1-1: Called Strike
1-2: Ball
2-2: Foul Ball, location: 2F
2-2: Ball
3-2: SINGLE (Groundball, 6D)
Batting: SHB Adrián Nieto 0-0: Ball
1-0: Fly out, F8 (Flyball, 8LM)
Batting: RHB Greg Lee 0-0: Fly out, F3 (Line Drive, 3F)
Batting: RHB Jason Saunders 0-0: Called Strike
0-1: Ball
Alfredo Díaz steals 2nd base
1-1: Ball
2-1: Foul Ball, location: 2F
2-2: Foul Ball, location: 2F
2-2: Ball
3-2: Fly out, F8 (Flyball, 8RS)
Bottom of the 2nd over - 1 run, 2 hits, 0 errors, 1 left on base; Trenton 0 - Tuscaloosa 1
TOP OF THE 3RD
Trenton Stars batting - Pitching for Tuscaloosa Trout Slayers : RHP Rafael Ramírez
Batting: RHB Roberto Chávez 0-0: Ball
1-0: Called Strike
1-1: Foul Ball, location: 2F
1-2: Strikes out swinging
Batting: RHB Bill Bourland 0-0: Ball
1-0: Ball
2-0: Ball
3-0: Called Strike
3-1: Foul Ball, location: 2F
3-2: Foul Ball, location: 2F
3-2: Base on Balls
Batting: RHB Dan McKay 0-0: Ball
1-0: Ball
2-0: Called Strike
2-1: Ball
3-1: Foul Ball, location: 2F
3-2: Strikes out swinging
Bill Bourland steals 2nd base
Batter strikes out.
Batting: RHB Aurelio Cruz 0-0: Ball
1-0: Foul Ball, location: 2F
1-1: Swinging Strike
1-2: Strikes out swinging
Top of the 3rd over - 0 runs, 0 hits, 0 errors, 1 left on base; Trenton 0 - Tuscaloosa 1
BOTTOM OF THE 3RD
Tuscaloosa Trout Slayers batting - Pitching for Trenton Stars : RHP Russ Brown
Batting: RHB Francisco Rea 0-0: Ball
1-0: Foul Ball, location: 2F
1-1: Foul Ball, location: 2F
1-2: Ground out 6-3 (Groundball, 6S)
Batting: LHB Manuel Ortega 0-0: Ball
1-0: Ball
2-0: Called Strike
2-1: Foul Ball, location: 2F
2-2: Ball
3-2: Strikes out looking
Batting: LHB Ethan Shaw 0-0: Ball
1-0: Ball
2-0: Ball
3-0: Called Strike
3-1: Called Strike
3-2: Base on Balls
Pitching: LHP Joseph Byrne
Batting: LHB Marcos Villarreal 0-0: Ball
1-0: Ball
2-0: Foul Ball, location: 2F
2-1: Ball
3-1: Ground out U3 (Groundball, 3L)
Bottom of the 3rd over - 0 runs, 0 hits, 0 errors, 1 left on base; Trenton 0 - Tuscaloosa 1
TOP OF THE 4TH
Trenton Stars batting - Pitching for Tuscaloosa Trout Slayers : RHP Rafael Ramírez
Batting: RHB George Reeves 0-0: Called Strike
0-1: Called Strike
0-2: Strikes out swinging
Batting: LHB Wes Thompson 0-0: Ball
1-0: Foul Ball, location: 2F
1-1: Ball
2-1: SINGLE (Groundball, 4D)
Batting: RHB Jesús Solís 0-0: Ball
1-0: Called Strike
1-1: Foul Ball, location: 2F
1-2: Strikes out swinging
Batting: LHB Pat Zimmerman 0-0: Ball
1-0: Ball
2-0: Fielders Choice at 2nd, 5-4 (Groundball, 56)
Top of the 4th over - 0 runs, 1 hit, 0 errors, 1 left on base; Trenton 0 - Tuscaloosa 1
BOTTOM OF THE 4TH
Tuscaloosa Trout Slayers batting - Pitching for Trenton Stars : LHP Joseph Byrne
Batting: SHB Glenn Vadnais 0-0: Ball
1-0: Swinging Strike
1-1: Foul Ball, location: 2F
1-2: Foul Ball, location: 2F
1-2: Foul Ball, location: 2F
1-2: Ball
2-2: Foul Ball, location: 2F
2-2: SINGLE (Line Drive, 7S)
Batting: RHB Alfredo Díaz 0-0: Ball
1-0: Ball
2-0: Foul Ball, location: 2F
2-1: Ball
3-1: Base on Balls
Glenn Vadnais to second
Batting: SHB Adrián Nieto 0-0: Called Strike
0-1: Grounds into double play, U5-3 (Groundball, 5L)
Alfredo Díaz to second
Batting: RHB Greg Lee 0-0: Called Strike
0-1: Ball
1-1: Ground out 5-3 (Groundball, 5L)
Bottom of the 4th over - 0 runs, 1 hit, 0 errors, 1 left on base; Trenton 0 - Tuscaloosa 1
TOP OF THE 5TH
Trenton Stars batting - Pitching for Tuscaloosa Trout Slayers : RHP Rafael Ramírez
Batting: LHB Gerardo Guzmán 0-0: Called Strike
0-1: Called Strike
0-2: Ball
1-2: Strikes out swinging
Batting: RHB Roberto Chávez 0-0: Ball
1-0: Ball
2-0: Ground out 6-3 (Groundball, 6)
Batting: RHB Bill Bourland 0-0: Foul Ball, location: 2F
0-1: Ball
1-1: Swinging Strike
1-2: Ball
2-2: Ball
3-2: Foul Ball, location: 2F
3-2: Fly out, F8 (Flyball, 8LXD)
Top of the 5th over - 0 runs, 0 hits, 0 errors, 0 left on base; Trenton 0 - Tuscaloosa 1
BOTTOM OF THE 5TH
Tuscaloosa Trout Slayers batting - Pitching for Trenton Stars : LHP Joseph Byrne
Batting: RHB Jason Saunders 0-0: Ball
1-0: Called Strike
1-1: Fly out, F8 (Flyball, 8RD)
Batting: RHB Francisco Rea 0-0: Called Strike
0-1: Ball
1-1: Swinging Strike
1-2: Strikes out looking
Batting: LHB Manuel Ortega 0-0: Called Strike
0-1: Ball
1-1: Ball
2-1: Ground out 3-1 (Groundball, 34S)
Bottom of the 5th over - 0 runs, 0 hits, 0 errors, 0 left on base; Trenton 0 - Tuscaloosa 1
TOP OF THE 6TH
Trenton Stars batting - Pitching for Tuscaloosa Trout Slayers : RHP Juan Arreola
Pitching: RHP Juan Arreola
Batting: RHB Dan McKay 0-0: Called Strike
0-1: Ball
1-1: Called Strike
1-2: Ball
2-2: Strikes out swinging
Batting: RHB Aurelio Cruz 0-0: Ball
1-0: Foul Ball, location: 2F
1-1: Ball
2-1: Ball
3-1: Swinging Strike
3-2: Strikes out looking
Batting: RHB George Reeves 0-0: Swinging Strike
0-1: Ball
1-1: Foul Ball, location: 2F
1-2: Strikes out swinging
Top of the 6th over - 0 runs, 0 hits, 0 errors, 0 left on base; Trenton 0 - Tuscaloosa 1
BOTTOM OF THE 6TH
Tuscaloosa Trout Slayers batting - Pitching for Trenton Stars : LHP Joseph Byrne
Batting: LHB Ethan Shaw 0-0: Ball
1-0: Ball
2-0: Fly out, F8 (Flyball, 8LD)
Batting: LHB Marcos Villarreal 0-0: Foul Ball, location: 2F
0-1: Foul Ball, location: 2F
0-2: Foul Ball, location: 2F
0-2: Foul Ball, location: 2F
0-2: Ball
1-2: Ball
2-2: Strikes out swinging wild pitch, reaches first!
Pitching: RHP Daniel Couch
Batting: SHB Glenn Vadnais 0-0: Called Strike
Pickoff Throw to First - Out!
0-1: SINGLE (Groundball, 34S) (infield hit)
Batting: RHB Alfredo Díaz 0-0: Ball
1-0: Ball
2-0: Ball
3-0: Called Strike
3-1: Foul Ball, location: 2F
3-2: Base on Balls
Glenn Vadnais to second
Batting: SHB Adrián Nieto 0-0: Ball
1-0: Ball
2-0: Ball
3-0: Called Strike
3-1: Base on Balls
Glenn Vadnais to third
Alfredo Díaz to second
Batting: RHB Greg Lee 0-0: Called Strike
0-1: Swinging Strike
0-2: Strikes out looking
Bottom of the 6th over - 0 runs, 1 hit, 0 errors, 3 left on base; Trenton 0 - Tuscaloosa 1
TOP OF THE 7TH
Trenton Stars batting - Pitching for Tuscaloosa Trout Slayers : RHP Juan Arreola
Pitching: LHP Dave Blackwell
Batting: LHB Wes Thompson 0-0: Swinging Strike
0-1: Ball
1-1: Ball
2-1: Foul Ball, location: 2F
2-2: Ball
3-2: Foul Ball, location: 2F
3-2: SINGLE (Flyball, 7LS)
Pitching: RHP Matt McGinnity
Batting: RHB Jesús Solís 0-0: Foul Ball, location: 2F
0-1: Called Strike
0-2: Strikes out swinging
Batting: LHB Pat Zimmerman Pickoff Throw to First - Error! E1
Wes Thompson to second
0-0: Swinging Strike
0-1: Swinging Strike
0-2: Strikes out swinging
Batting: LHB Gerardo Guzmán 0-0: Ball
1-0: Foul Ball, location: 2F
1-1: Ball
2-1: SINGLE (Groundball, 34S) (infield hit)
Wes Thompson to third
Batting: RHB Roberto Chávez 0-0: SINGLE (Groundball, 6D)
Wes Thompson scores
Gerardo Guzmán to second
Pinch Hitting: LHB Tom Waller 0-0: Called Strike
0-1: Swinging Strike
0-2: Strikes out swinging
Top of the 7th over - 1 run, 3 hits, 1 error, 2 left on base; Trenton 1 - Tuscaloosa 1
BOTTOM OF THE 7TH
Tuscaloosa Trout Slayers batting - Pitching for Trenton Stars : RHP Daniel Couch
Now at 1B: Tom Waller
Pinch Hitting: LHB Ed Hart 0-0: Called Strike
0-1: Ball
1-1: Called Strike
1-2: SINGLE (Line Drive, 7LS)
Pinch Hitting: RHB José Fernández 0-0: Bunted foul
0-1: Bunt missed!
0-2: Ball
1-2: Foul Ball, location: 2F
1-2: Ball
2-2: 2-RUN HOME RUN (Flyball, 78XD), Distance : 381 ft
Pitching: RHP Fernando Silva
Batting: LHB Manuel Ortega 0-0: Called Strike
0-1: Foul Ball, location: 2F
0-2: Ball
1-2: Foul Ball, location: 2F
1-2: Ball
2-2: Ball
3-2: Foul Ball, location: 2F
3-2: Base on Balls
Batting: LHB Ethan Shaw 0-0: Called Strike
0-1: Ball
1-1: Ball
Throwing error on steal attempt, E2
Manuel Ortega to third
2-1: Ball
3-1: SINGLE (Line Drive, 89M)
Manuel Ortega scores
Batting: LHB Marcos Villarreal 0-0: Ball
1-0: DOUBLE (Flyball, 78D)
Ethan Shaw to third
Runner from 3rd tries for Home, SAFE, no throw
Batting: SHB Glenn Vadnais 0-0: Intentional Walk
Pitching: LHP Pedro Orozco
Batting: RHB Alfredo Díaz 0-0: Fly out, F9 (Flyball, 9)
Batting: SHB Adrián Nieto 0-0: Ball
1-0: Ball
2-0: Ball
3-0: Base on Balls
Marcos Villarreal to third
Glenn Vadnais to second
Batting: RHB Greg Lee 0-0: Called Strike
0-1: Foul Ball, location: 2F
0-2: Fly out, F9 (Line Drive, 89M)
Runner from 3rd tags up, SCORES, throw made
Batting: LHB Ed Hart 0-0: Ball
1-0: Fly out, F6 (Popup, 6M)
Bottom of the 7th over - 5 runs, 4 hits, 1 error, 2 left on base; Trenton 1 - Tuscaloosa 6
TOP OF THE 8TH
Trenton Stars batting - Pitching for Tuscaloosa Trout Slayers : RHP Matt McGinnity
Now at 2B: Juan Reyes
Now at 3B: Pedro Juárez
Now in LF: Tony Quinn
Batting: RHB Dan McKay 0-0: Called Strike
0-1: Ball
1-1: Called Strike
1-2: Ball
2-2: Foul Ball, location: 2F
2-2: Ball
3-2: Foul Ball, location: 2F
3-2: Foul Ball, location: 2F
3-2: Foul Ball, location: 2F
3-2: Foul Ball, location: 2F
3-2: Base on Balls
Batting: RHB Aurelio Cruz 0-0: Called Strike
0-1: Fielders Choice at 2nd, 6-4 (Groundball, 56)
Batting: RHB George Reeves 0-0: Ball
1-0: SINGLE (Groundball, 56D)
Aurelio Cruz to second
Batting: LHB Wes Thompson 0-0: Ball
1-0: Foul Ball, location: 2F
1-1: Ball
2-1: Ball
3-1: Called Strike
3-2: Base on Balls
Aurelio Cruz to third
George Reeves to second
Batting: RHB Jesús Solís 0-0: Called Strike
0-1: Foul Ball, location: 2F
0-2: Strikes out swinging
Batting: LHB Pat Zimmerman 0-0: Ball
1-0: SINGLE (Groundball, 56D)
Aurelio Cruz scores
George Reeves to third
Wes Thompson to second
Runner from 3rd tries for Home, SAFE, no throw
Batting: LHB Gerardo Guzmán 0-0: Ball
1-0: Ball
2-0: Swinging Strike
2-1: Swinging Strike
2-2: Ball
3-2: Base on Balls
Wes Thompson to third
Pat Zimmerman to second
Pitching: RHP Jesús Suárez
Batting: RHB Roberto Chávez 0-0: Ball
1-0: SINGLE (Line Drive, 89S)
Wes Thompson scores
Pat Zimmerman to third
Gerardo Guzmán to second
Runner from 3rd tries for Home, SAFE, no throw
Batting: LHB Tom Waller 0-0: Ball
1-0: Ball
2-0: Ball
3-0: Called Strike
3-1: Ground out U3 (Groundball, 34)
Top of the 8th over - 4 runs, 3 hits, 0 errors, 2 left on base; Trenton 5 - Tuscaloosa 6
BOTTOM OF THE 8TH
Tuscaloosa Trout Slayers batting - Pitching for Trenton Stars : LHP Pedro Orozco
Now at 3B: Aaron Washington
Batting: LHB Pedro Juárez 0-0: Ball
1-0: Foul Ball, location: 2F
1-1: Swinging Strike
1-2: Ball
2-2: SINGLE (Groundball, 6MD)
Batting: LHB Manuel Ortega 0-0: Ball
1-0: Sac Bunt - play at second, runner OUT! 3-6
Pinch Hitting: RHB Kyle O'Day 0-0: Called Strike
Manuel Ortega steals 2nd base
0-1: Ball
1-1: Intentional Walk
Batting: LHB Marcos Villarreal 0-0: SINGLE (Line Drive, 9S)
Manuel Ortega to third
Kyle O'Day to second
Batting: SHB Glenn Vadnais 0-0: Called Strike
0-1: Ball
1-1: Swinging Strike
1-2: Ball
2-2: Foul Ball, location: 2F
2-2: Strikes out looking
Batting: RHB Tony Quinn 0-0: Foul Ball, location: 2F
0-1: SINGLE (Groundball, 56S) (infield hit)
Manuel Ortega scores
Kyle O'Day to third
Marcos Villarreal to second
Batting: SHB Adrián Nieto 0-0: Ball
1-0: Ball
2-0: Ground out 4-3 (Groundball, 4S)
Bottom of the 8th over - 1 run, 3 hits, 0 errors, 3 left on base; Trenton 5 - Tuscaloosa 7
TOP OF THE 9TH
Trenton Stars batting - Pitching for Tuscaloosa Trout Slayers : RHP Jesús Suárez
Pitching: LHP Gerardo González
Now in RF: Kyle O'Day
Batting: RHB Aaron Washington 0-0: Swinging Strike
0-1: Ball
1-1: Foul Ball, location: 2F
1-2: Ball
2-2: Foul Ball, location: 2F
2-2: Hit by Pitch
Batting: RHB Aurelio Cruz 0-0: Called Strike
0-1: Grounds into double play, 6-4-3 (Groundball, 6)
Batting: RHB George Reeves 0-0: Swinging Strike
0-1: Ball
1-1: Ball
2-1: Fly out, F5 (Line Drive, 5)
Top of the 9th over - 0 runs, 0 hits, 0 errors, 0 left on base; Trenton 5 - Tuscaloosa 7
Saturday, April 7th, 2018 - OOTP Baseball 18.8 Build 76